TOP OF THE 1ST |
Colorado Buffaloes batting - Pitching for Kentucky Wildcats : LHP Chris Morgan
|
Pitching: LHP Chris Morgan
|
|
Batting: LHB Walt George
|
0-0: Ball 1-0: Foul Ball, location: 2F 1-1: Ball 2-1: Foul Ball, location: 2F 2-2: Strikes out swinging
|
Batting: RHB Ryan Reed
|
0-0: Called Strike 0-1: Ground out 4-3 (Groundball, 4)
|
Batting: LHB Claudio Jaramillo
|
0-0: Called Strike 0-1: Called Strike 0-2: Ball 1-2: Ball 2-2: Ball 3-2: Ground out U3 (Groundball, 3)
|
Top of the 1st over - 0 runs, 0 hits, 0 errors, 0 left on base; Colorado 0 - Kentucky 0 |
BOTTOM OF THE 1ST |
Kentucky Wildcats batting - Pitching for Colorado Buffaloes : LHP Marcus Chuter
|
Pitching: LHP Marcus Chuter
|
|
Batting: RHB Travis Kramer
|
0-0: Ball 1-0: Foul Ball, location: 2F 1-1: Foul Ball, location: 2F 1-2: Ball 2-2: Ball 3-2: Foul Ball, location: 2F 3-2: Fly out, F7 (Flyball, 78S)
|
Batting: RHB Sam Robinson
|
0-0: Ball 1-0: Ball 2-0: Called Strike 2-1: Called Strike 2-2: Foul Ball, location: 2F 2-2: Strikes out swinging
|
Batting: RHB Haywood Young
|
0-0: Ball 1-0: Ball 2-0: Ball 3-0: Base on Balls
|
Batting: RHB Gabriel Sánchez
|
0-0: Called Strike 0-1: Called Strike 0-2: Ball 1-2: SINGLE (Line Drive, 78S) Haywood Young to second
|
Pitching: LHP David Rodríguez
|
|
Batting: RHB Johnny Carson
|
0-0: Foul Ball, location: 2F 0-1: Foul Ball, location: 2F 0-2: Ball 1-2: Fly out, F8 (Flyball, 8LS)
|
Bottom of the 1st over - 0 runs, 1 hit, 0 errors, 2 left on base; Colorado 0 - Kentucky 0 |
TOP OF THE 2ND |
Colorado Buffaloes batting - Pitching for Kentucky Wildcats : LHP Chris Morgan
|
Batting: RHB Frank Ruffin
|
0-0: Called Strike 0-1: Called Strike 0-2: Strikes out swinging
|
Batting: LHB Larry Chase
|
0-0: Called Strike 0-1: Ball 1-1: Foul Ball, location: 2F 1-2: Ball 2-2: Foul Ball, location: 2F 2-2: Strikes out swinging
|
Batting: RHB Jason Taylor
|
0-0: Called Strike 0-1: Foul Ball, location: 2F 0-2: Ball 1-2: Strikes out swinging
|
Top of the 2nd over - 0 runs, 0 hits, 0 errors, 0 left on base; Colorado 0 - Kentucky 0 |
BOTTOM OF THE 2ND |
Kentucky Wildcats batting - Pitching for Colorado Buffaloes : LHP David Rodríguez
|
Batting: RHB Jamal Martínez
|
0-0: Ground out 5-3 (Groundball, 56)
|
Batting: RHB Ken Jenkins
|
0-0: Ball 1-0: Ball 2-0: Ball 3-0: Called Strike 3-1: Foul Ball, location: 2F 3-2: Foul Ball, location: 2F 3-2: Foul Ball, location: 2F 3-2: Base on Balls
|
Batting: RHB Ken Walsh
|
0-0: Ball 1-0: SINGLE (Flyball, 8LS) Ken Jenkins to second
|
Batting: RHB Chris Young
|
0-0: Foul Ball, location: 2F 0-1: Ball 1-1: Foul Ball, location: 2F 1-2: Ball 2-2: Ball 3-2: Fly out, F7 (Flyball, 7D)
|
Batting: RHB Travis Kramer
|
0-0: Called Strike 0-1: Called Strike 0-2: Ball 1-2: Ball 2-2: Ball 3-2: Base on Balls Ken Jenkins to third Ken Walsh to second
|
Batting: RHB Sam Robinson
|
0-0: Ball 1-0: Ball 2-0: Ball 3-0: Base on Balls Ken Jenkins scores Ken Walsh to third Travis Kramer to second
|
Batting: RHB Haywood Young
|
0-0: Called Strike 0-1: Swinging Strike 0-2: Ball 1-2: Foul Ball, location: 2F 1-2: Ball 2-2: Foul Ball, location: 2F 2-2: Foul Ball, location: 2F 2-2: Fly out, F5 (Popup, 5SF)
|
Bottom of the 2nd over - 1 run, 1 hit, 0 errors, 3 left on base; Colorado 0 - Kentucky 1 |
TOP OF THE 3RD |
Colorado Buffaloes batting - Pitching for Kentucky Wildcats : LHP Chris Morgan
|
Batting: LHB Gene Cherry
|
0-0: Foul Ball, location: 2F 0-1: Ball 1-1: Foul Ball, location: 2F 1-2: Ground out 6-3 (Groundball, 6)
|
Batting: RHB Alexander Fernández
|
0-0: Ball 1-0: Called Strike 1-1: Called Strike 1-2: Foul Ball, location: 2F 1-2: SINGLE (Line Drive, 8RM)
|
Batting: LHB Scott Hall
|
0-0: Called Strike 0-1: Foul Ball, location: 2F 0-2: Strikes out swinging
|
Batting: LHB Walt George
|
0-0: Called Strike 0-1: Ball 1-1: Called Strike 1-2: Strikes out swinging, 2-3 out at first.
|
Top of the 3rd over - 0 runs, 1 hit, 0 errors, 1 left on base; Colorado 0 - Kentucky 1 |
BOTTOM OF THE 3RD |
Kentucky Wildcats batting - Pitching for Colorado Buffaloes : LHP David Rodríguez
|
Batting: RHB Gabriel Sánchez
|
0-0: Fly out, F8 (Flyball, 78M)
|
Batting: RHB Johnny Carson
|
0-0: Ball 1-0: Foul Ball, location: 2F 1-1: DOUBLE (Flyball, 8LXD)
|
Batting: RHB Jamal Martínez
|
0-0: Ball 1-0: Foul Ball, location: 2F 1-1: Ball 2-1: Foul Ball, location: 2F 2-2: Foul Ball, location: 2F 2-2: Ball 3-2: Fly out, F3 (Popup, 3SF)
|
Batting: RHB Ken Jenkins
|
0-0: Called Strike 0-1: Ball 1-1: Ball 2-1: Ball 3-1: Called Strike 3-2: Foul Ball, location: 2F 3-2: Foul Ball, location: 2F 3-2: Foul Ball, location: 2F 3-2: Fly out, F8 (Flyball, 8RM)
|
Bottom of the 3rd over - 0 runs, 1 hit, 0 errors, 1 left on base; Colorado 0 - Kentucky 1 |
TOP OF THE 4TH |
Colorado Buffaloes batting - Pitching for Kentucky Wildcats : LHP Chris Morgan
|
Batting: RHB Ryan Reed
|
0-0: Called Strike 0-1: Foul Ball, location: 2F 0-2: Ball 1-2: Foul Ball, location: 2F 1-2: SINGLE (Line Drive, 8LS)
|
Batting: LHB Claudio Jaramillo
|
0-0: Ball 1-0: Swinging Strike 1-1: Ball 2-1: Foul Ball, location: 2F 2-2: Ball 3-2: Foul Ball, location: 2F 3-2: Strikes out looking
|
Batting: RHB Frank Ruffin
|
0-0: Ball 1-0: Ball 2-0: Ball 3-0: Called Strike 3-1: 2-RUN HOME RUN (Flyball, 7LD), Distance : 333 ft
|
Batting: LHB Larry Chase
|
0-0: Ball 1-0: Foul Ball, location: 2F 1-1: Ball 2-1: Fly out, F6 (Flyball, 6D)
|
Batting: RHB Jason Taylor
|
0-0: Ball 1-0: Called Strike 1-1: Ball 2-1: Ground out 5-3 (Groundball, 5L)
|
Top of the 4th over - 2 runs, 2 hits, 0 errors, 0 left on base; Colorado 2 - Kentucky 1 |
BOTTOM OF THE 4TH |
Kentucky Wildcats batting - Pitching for Colorado Buffaloes : LHP David Rodríguez
|
Batting: RHB Ken Walsh
|
0-0: Fly out, F8 (Flyball, 8RD)
|
Batting: RHB Chris Young
|
0-0: Ball 1-0: Ball 2-0: Ball 3-0: Called Strike 3-1: Ground out 5-3 (Groundball, 56S)
|
Batting: RHB Travis Kramer
|
0-0: Fly out, F9 (Flyball, 9)
|
Bottom of the 4th over - 0 runs, 0 hits, 0 errors, 0 left on base; Colorado 2 - Kentucky 1 |
TOP OF THE 5TH |
Colorado Buffaloes batting - Pitching for Kentucky Wildcats : LHP Chris Morgan
|
Batting: LHB Gene Cherry
|
0-0: Ball 1-0: Called Strike 1-1: Swinging Strike 1-2: Strikes out looking
|
Batting: RHB Alexander Fernández
|
0-0: Called Strike 0-1: Ball 1-1: Ball 2-1: Called Strike 2-2: Strikes out swinging
|
Batting: LHB Scott Hall
|
0-0: Ball 1-0: Reached on error, E1 (Groundball, 13S)
|
Batting: LHB Walt George
|
0-0: Ball 1-0: Foul Ball, location: 2F 1-1: Called Strike 1-2: Strikes out swinging
|
Top of the 5th over - 0 runs, 0 hits, 1 error, 1 left on base; Colorado 2 - Kentucky 1 |
BOTTOM OF THE 5TH |
Kentucky Wildcats batting - Pitching for Colorado Buffaloes : LHP David Rodríguez
|
Batting: RHB Sam Robinson
|
0-0: Fly out, F5 (Popup, 5SF)
|
Batting: RHB Haywood Young
|
0-0: Called Strike 0-1: Ball 1-1: Ball 2-1: Foul Ball, location: 2F 2-2: SINGLE (Line Drive, 56)
|
Pitching: RHP Roberto López
|
|
Batting: RHB Gabriel Sánchez
|
0-0: Ball 1-0: SINGLE (Line Drive, 5D) Haywood Young to second
|
Batting: RHB Johnny Carson
|
0-0: Called Strike 0-1: Ball 1-1: Called Strike Haywood Young is caught stealing 3rd base 1-2: Ball 2-2: Strikes out swinging
|
Bottom of the 5th over - 0 runs, 2 hits, 0 errors, 1 left on base; Colorado 2 - Kentucky 1 |
TOP OF THE 6TH |
Colorado Buffaloes batting - Pitching for Kentucky Wildcats : LHP Chris Morgan
|
Pitching: RHP Robert Morrison
|
|
Batting: RHB Ryan Reed
|
0-0: Called Strike 0-1: Ball 1-1: Ball 2-1: Foul Ball, location: 2F 2-2: SINGLE (Flyball, 8LS)
|
Batting: LHB Claudio Jaramillo
|
0-0: Ball 1-0: Swinging Strike 1-1: Ball 2-1: Ball 3-1: Called Strike 3-2: Fly out, F7 (Flyball, 7LMF)
|
Batting: RHB Frank Ruffin
|
0-0: Grounds into double play, 6-4-3 (Groundball, 56)
|
Top of the 6th over - 0 runs, 1 hit, 0 errors, 0 left on base; Colorado 2 - Kentucky 1 |
BOTTOM OF THE 6TH |
Kentucky Wildcats batting - Pitching for Colorado Buffaloes : RHP Roberto López
|
Batting: RHB Jamal Martínez
|
0-0: Foul Ball, location: 2F 0-1: Ball 1-1: Foul Ball, location: 2F 1-2: Ball 2-2: Fly out, F9 (Flyball, 9S)
|
Batting: RHB Ken Jenkins
|
0-0: Ball 1-0: Called Strike 1-1: Foul Ball, location: 2F 1-2: Foul Ball, location: 2F 1-2: Strikes out swinging
|
Batting: RHB Ken Walsh
|
0-0: Foul Ball, location: 2F 0-1: Called Strike 0-2: Ball 1-2: Ball 2-2: Strikes out swinging
|
Bottom of the 6th over - 0 runs, 0 hits, 0 errors, 0 left on base; Colorado 2 - Kentucky 1 |
TOP OF THE 7TH |
Colorado Buffaloes batting - Pitching for Kentucky Wildcats : RHP Robert Morrison
|
Batting: LHB Larry Chase
|
0-0: Ball 1-0: Ball 2-0: Ball 3-0: Called Strike 3-1: Swinging Strike 3-2: SINGLE (Flyball, 7LS)
|
Batting: RHB Jason Taylor
|
0-0: Ball 1-0: Ball 2-0: Foul Ball, location: 2F 2-1: Ball 3-1: Base on Balls Larry Chase to second
|
Batting: LHB Gene Cherry
|
0-0: Foul Ball, location: 2F 0-1: Ball 1-1: Called Strike 1-2: Strikes out swinging
|
Pinch Hitting: RHB Esteban Garza
|
0-0: Called Strike 0-1: Ball 1-1: Ball 2-1: Ball 3-1: Fielders Choice at 2nd, 4-6 (Groundball, 4M) Larry Chase to third
|
Pinch Hitting: LHB Pedro Padilla
|
0-0: Ball 1-0: Foul Ball, location: 2F 1-1: Swinging Strike 1-2: Ball 2-2: Ball 3-2: Fly out, F8 (Flyball, 8RD)
|
Top of the 7th over - 0 runs, 1 hit, 0 errors, 2 left on base; Colorado 2 - Kentucky 1 |
BOTTOM OF THE 7TH |
Kentucky Wildcats batting - Pitching for Colorado Buffaloes : RHP Roberto López
|
Now in LF: Pedro Padilla
|
|
Now in CF: Adrián Velásquez
|
|
Batting: RHB Chris Young
|
0-0: Called Strike 0-1: Foul Ball, location: 2F 0-2: Ball 1-2: Strikes out swinging
|
Batting: RHB Travis Kramer
|
0-0: Ground out U3 (Groundball, 3S)
|
Batting: RHB Sam Robinson
|
0-0: Called Strike 0-1: SOLO HOME RUN (Flyball, 9LD), Distance : 319 ft
|
Batting: RHB Haywood Young
|
0-0: Ball 1-0: Foul Ball, location: 2F 1-1: Called Strike 1-2: Ground out 6-3 (Groundball, 6)
|
Bottom of the 7th over - 1 run, 1 hit, 0 errors, 0 left on base; Colorado 2 - Kentucky 2 |
TOP OF THE 8TH |
Colorado Buffaloes batting - Pitching for Kentucky Wildcats : RHP Robert Morrison
|
Batting: LHB Walt George
|
0-0: Ball 1-0: Foul Ball, location: 2F 1-1: Ball 2-1: Called Strike 2-2: Foul Ball, location: 2F 2-2: Foul Ball, location: 2F 2-2: Ground out 4-3 (Groundball, 4)
|
Batting: RHB Ryan Reed
|
0-0: Called Strike 0-1: Ball 1-1: Ball 2-1: Ground out 6-3 (Groundball, 6)
|
Batting: LHB Claudio Jaramillo
|
0-0: Swinging Strike 0-1: Swinging Strike 0-2: Strikes out looking
|
Top of the 8th over - 0 runs, 0 hits, 0 errors, 0 left on base; Colorado 2 - Kentucky 2 |
BOTTOM OF THE 8TH |
Kentucky Wildcats batting - Pitching for Colorado Buffaloes : RHP Roberto López
|
Batting: RHB Gabriel Sánchez
|
0-0: Ball 1-0: Ball 2-0: SOLO HOME RUN (Flyball, 7LD), Distance : 315 ft
|
Pitching: RHP Roberto Cardona
|
|
Batting: RHB Johnny Carson
|
0-0: Called Strike 0-1: Swinging Strike 0-2: Ball 1-2: Strikes out looking
|
Batting: RHB Jamal Martínez
|
0-0: Ball 1-0: Ball 2-0: SINGLE (Flyball, 89M)
|
Batting: RHB Ken Jenkins
|
0-0: Foul Ball, location: 2F 0-1: Foul Ball, location: 2F 0-2: Fly out, F7 (Flyball, 78XD)
|
Batting: RHB Ken Walsh
|
0-0: Ball 1-0: Called Strike 1-1: Foul Ball, location: 2F 1-2: Strikes out swinging
|
Bottom of the 8th over - 1 run, 2 hits, 0 errors, 1 left on base; Colorado 2 - Kentucky 3 |
TOP OF THE 9TH |
Colorado Buffaloes batting - Pitching for Kentucky Wildcats : RHP Robert Morrison
|
Now at SS: Billy Forbes
|
|
Batting: RHB Frank Ruffin
|
0-0: Ball 1-0: Called Strike 1-1: Foul Ball, location: 2F 1-2: Strikes out swinging
|
Batting: LHB Larry Chase
|
0-0: Ball 1-0: SOLO HOME RUN (Flyball, 9D), Distance : 347 ft
|
Batting: RHB Jason Taylor
|
0-0: Ball 1-0: Ball 2-0: Called Strike 2-1: Fly out, F7 (Flyball, 78S)
|
Batting: LHB Gene Cherry
|
0-0: Ball 1-0: Ball 2-0: Ball 3-0: Base on Balls
|
Pitching: RHP Rafael Hernández
|
|
Batting: RHB Adrián Velásquez
|
0-0: Foul Ball, location: 2F 0-1: Ball 1-1: Called Strike 1-2: Ball 2-2: Strikes out looking
|
Top of the 9th over - 1 run, 1 hit, 0 errors, 1 left on base; Colorado 3 - Kentucky 3 |
BOTTOM OF THE 9TH |
Kentucky Wildcats batting - Pitching for Colorado Buffaloes : RHP Roberto Cardona
|
Pinch Hitting: LHB Nick Moore
|
0-0: Reached on error, E1 (Groundball, P)
|
Batting: RHB Travis Kramer
|
0-0: Intentional Walk
|
Batting: RHB Sam Robinson
|
0-0: Ball 1-0: Ball 2-0: Foul Ball, location: 2F 2-1: Ball 3-1: Ground out 5-3 (Groundball, 56S) Nick Moore to third Travis Kramer to second
|
Batting: RHB Haywood Young
|
0-0: Intentional Walk
|
Batting: RHB Gabriel Sánchez
|
0-0: Ball 1-0: Ball 2-0: Called Strike 2-1: Ball 3-1: Swinging Strike 3-2: Foul Ball, location: 2F 3-2: Foul Ball, location: 2F 3-2: Foul Ball, location: 2F 3-2: Base on Balls Nick Moore scores Travis Kramer to third Haywood Young to second
|
Saturday, April 7th, 2018 - OOTP Baseball 18.8 Build 76
|
|